Map: Terrasses de Prion

Players

zidar - Winner!

  • Race: Zerg Zerg
  • League: Gold
  • Spawn Location: 5:00

hiImClassic

  • Race: Protoss Protoss
  • League: Gold
  • Spawn Location: 11:00

VOD

Have the link to the VOD?

Description

Time

  • Played on: May 19, 2016, 2:26 p.m.
  • Length: 9:20
Show
View Real Time Build Order
Export as new Build Order

zidar Zerg - Winner!

Build Orders: Pool First 

Get SALT Encoding   

  12  0:02  Drone  
  13  0:12  Overlord  
  13  0:17  Drone  
  14  0:30  Drone x2  
  17  0:35  Drone  
  17  0:46  Spawning Pool  
  16  0:50  Drone  
  17  1:12  Hatchery  
  17  1:16  Drone  
  17  1:22  Extractor, Drone  
  17  1:25  Drone  
  18  1:38  Drone  
  19  1:44  Drone  
  19  1:45  Queen  
  22  1:51  Overlord  
  21  2:03  Drone  
  22  2:11  Drone  
  23  2:19  Roach Warren  
  23  2:21  Drone  
  23  2:24  Queen  
  25  2:47  Drone x5  
  30  3:10  Roach, Extractor  
  30  3:11  Roach x2  
  35  3:18  Overlord  
  35  3:19  Overlord  
  35  3:31  Zergling x2  
  35  3:33  Overlord x2  
  36  3:50  Zergling x14  
  36  3:53  Metabolic Boost  
  43  4:12  Roach x3  
  43  4:15  Hatchery  
  45  4:48  Spore Crawler  
  45  4:50  Zergling x20  
  54  5:04  Drone x2  
  42  6:03  Zergling x10  
  42  6:04  Zergling x14  
  46  6:25  Ravager  
  35  6:57  Zergling x18  
  42  7:10  Zergling x10  
  46  7:21  Spore Crawler  
  45  7:30  Zergling x10  
  29  8:22  Zergling x12  
  29  8:23  Zergling x20  
  43  8:33  Spore Crawler  
  42  8:34  Spore Crawler  
  41  8:49  Overlord x2  
  41  8:50  Overlord x3  
  41  8:52  Roach  
  41  8:53  Roach x4  
Show
View Real Time Build Order
Export as new Build Order

hiImClassic Protoss 

Build Orders: Phoenix Opening 

Get SALT Encoding   

  12  0:04  Probe (Chrono Boost)  
  13  0:15  Probe (Chrono Boost)  
  13  0:21  Pylon  
  14  0:26  Probe (Chrono Boost)  
  15  0:39  Probe (Chrono Boost)  
  16  0:47  Gateway  
  16  0:49  Assimilator  
  16  0:55  Probe (Chrono Boost)  
  17  1:05  Probe (Chrono Boost)  
  18  1:19  Gateway  
  18  1:28  Probe (Chrono Boost)  
  19  1:39  Probe (Chrono Boost)  
  20  1:42  Cybernetics Core  
  20  1:46  Zealot  
  22  1:49  Probe (Chrono Boost)  
  22  1:53  Pylon  
  23  1:55  Assimilator  
  23  2:11  Probe (Chrono Boost)  
  24  2:19  Warp Gate (Chrono Boost)  
  24  2:34  Nexus  
  24  2:36  Pylon  
  23  2:39  Mothership Core  
  25  3:00  Probe  
  25  3:04  Stargate  
  26  3:12  Probe  
  27  3:14  Adept x2  
  31  3:24  Probe  
  32  3:36  Gateway  
  32  3:42  Probe  
  33  3:50  Phoenix (Chrono Boost)  
  33  3:53  Probe  
  33  3:54  Probe  
  37  4:03  Probe  
  38  4:12  Probe, Phoenix (Chrono Boost)  
  38  4:14  Probe  
  40  4:29  Probe  
  40  4:30  Probe  
  42  4:34  Phoenix (Chrono Boost)  
  42  4:39  Probe, Adept x2  
  42  4:42  Probe  
  48  4:48  Robotics Facility  
  48  4:50  Probe  
  48  4:51  Pylon  
  49  4:54  Probe  
  50  5:00  Probe  
  51  5:11  Probe x2  
  53  5:17  Adept x3  
  59  5:23  Probe  
  54  5:38  Adept  
  54  5:39  Adept x2  
  36  6:05  Adept x3  
  30  6:20  Probe  
  30  6:21  Probe  
  28  6:27  Stalker x3  
  31  6:33  Probe  
  32  6:41  Probe  
  32  6:45  Probe  
  32  6:51  Probe  
  32  6:56  Gateway  
  32  6:58  Pylon  
  32  7:00  Pylon  
  24  7:09  Zealot x3  
  30  7:18  Void Ray (Chrono Boost)  
  34  7:42  Probe  
  34  7:43  Probe  
  36  7:55  Probe  
  25  8:07  Adept x2  
  25  8:08  Adept  
  19  8:23  Probe  
  19  8:24  Probe  
  21  8:34  Probe  
  21  8:36  Probe  
  23  8:44  Adept  
  23  8:45  Adept  
  27  8:54  Probe  
Tags
 
Add a new tag
Caveats
  • Supply blocks, unpowered buildings, or Contaminate may cause inaccurate times.
  • Supply counts are checked every 10 seconds.